[Event "HUN-ch U8-U18 2019"]
[Site "Balatonlelle"]
[Date "2019.06.26"]
[Round "8.5"]
[White "Toth, Lili"]
[Black "Eros, Vivien"]
[Result "1-0"]
[ECO "D37"]
[WhiteElo "1523"]
[BlackElo "1317"]
[Annotator "NA RC"]
[PlyCount "91"]
[EventDate "2019.06.21"]
[EventType "swiss"]
[EventCountry "HUN"]
[SourceTitle "playchess.com"]
[Source "ChessBase"]
[SourceQuality "1"]
[TimeControl "40/5400+30:1800+30"]

1. d4 d5 2. c4 e6 3. Nc3 Nf6 4. Nf3 Nbd7 5. Bf4 Be7 6. Nb5 O-O 7. Bxc7 Bb4+ 8. Nd2 Qe8 9. a3 Bxd2+ 10. Qxd2 Ne4 11. Qd3 Qe7 12. f3 a6 13. fxe4 axb5 14. cxd5 exd5 15. exd5 Nf6 16. d6 Qd7 17. Rc1 Ne8 18. Qg3 Ra6 19. e3 Nxd6 20. Bxd6 Rxd6 21. Bd3 Rh6 22. Kd2 f5 23. Qf4 Qd5 24. Rhg1 Qb3 25. Rc2 Be6 26. Qe5 Bc4 27. Bxc4+ bxc4 28. Qd5+ Kh8 29. Qxc4 Qxc4 30. Rxc4 Rxh2 31. Rc7 Rb8 32. Ke2 h6 33. Kf3 Rh4 34. Rgc1 Re4 35. Rc8+ Re8 36. Rxe8+ Rxe8 37. Rc7 Rb8 38. Kf4 g6 39. d5 Rd8 40. Ke5 Kg8 41. Ke6 Re8+ 42. Re7 Rd8 43. d6 Kf8 44. Rf7+ Kg8 45. d7 Kh8 46. Ke7 1-0

[Event "HUN-ch U8-U18 2019"]
[Site "Balatonlelle"]
[Date "2019.06.26"]
[Round "8.6"]
[White "Szarvas, Nora"]
[Black "Toth, Timea"]
[Result "1-0"]
[ECO "B20"]
[WhiteElo "1258"]
[BlackElo "1964"]
[Annotator "NA RC"]
[PlyCount "121"]
[EventDate "2019.06.21"]
[EventType "swiss"]
[EventCountry "HUN"]
[SourceTitle "playchess.com"]
[Source "ChessBase"]
[SourceQuality "1"]
[TimeControl "40/5400+30:1800+30"]

1. e4 c5 2. g3 Nc6 3. Bg2 g6 4. Ne2 Bg7 5. O-O Nf6 6. c3 d6 7. d4 cxd4 8. cxd4 O-O 9. Nbc3 Bd7 10. Be3 Qc8 11. Rc1 Qd8 12. h3 Ne8 13. Qb3 Qb6 14. Qxb6 axb6 15. a3 f5 16. d5 Na5 17. Bd4 Bxd4 18. Nxd4 Nc4 19. Rc2 Nc7 20. Nce2 Nb5 21. Rxc4 Nxd4 22. Nxd4 Rfc8 23. Rfc1 Rxc4 24. Rxc4 Rc8 25. Rxc8+ Bxc8 26. exf5 Bxf5 27. Kf1 Kf7 28. Ke2 Ke8 29. g4 Bd7 30. Ke3 Kf7 31. Bf1 h5 32. gxh5 gxh5 33. h4 Kf6 34. Bb5 Bxb5 35. Nxb5 Kf5 36. f3 Ke5 37. Nc3 Kf5 38. Na4 b5 39. Nc3 Ke5 40. b3 b6 41. b4 e6 42. dxe6 Kxe6 43. Nxb5 d5 44. Kd4 Kf5 45. Ke3 Ke5 46. a4 Kf5 47. a5 Ke6 48. a6 Kd7 49. a7 Kc6 50. a8=Q+ Kxb5 51. Qxd5+ Kxb4 52. f4 b5 53. f5 Ka4 54. f6 Kb4 55. f7 Ka4 56. f8=Q Ka5 57. Qfa8+ Kb4 58. Qd4+ Kb3 59. Qg8+ Kc2 60. Qa2+ Kc1 61. Qdd2# 1-0

[Event "HUN-ch U8-U18 2019"]
[Site "Balatonlelle"]
[Date "2019.06.26"]
[Round "8.8"]
[White "Pasti, Aron"]
[Black "Fule, Simon"]
[Result "0-1"]
[ECO "C55"]
[WhiteElo "2193"]
[BlackElo "2148"]
[Annotator "RC"]
[PlyCount "74"]
[EventDate "2019.06.21"]
[EventType "swiss"]
[EventCountry "HUN"]
[SourceTitle "playchess.com"]
[Source "ChessBase"]
[SourceQuality "1"]
[TimeControl "40/5400+30:1800+30"]

1. e4 e5 2. Nf3 Nc6 3. Bc4 Nf6 4. d3 Be7 5. O-O d6 6. a4 O-O 7. Re1 Na5 8. Ba2 c5 9. c3 Nc6 10. Na3 Be6 11. d4 Bxa2 12. Rxa2 cxd4 13. cxd4 d5 14. dxe5 Nxe4 15. Nb5 Bb4 16. Re2 Re8 17. Bf4 a6 18. Nbd4 Nxd4 19. Nxd4 Qb6 20. Nf3 Bc5 21. Be3 Rad8 22. Bxc5 Nxc5 23. Qd4 Qc6 24. Rc2 Ne6 25. Qd2 Qd7 26. b3 d4 27. Ra1 Qd5 28. Qd3 Nf4 29. Qc4 d3 30. Rb2 Ng6 31. Re1 Nxe5 32. Nxe5 Rxe5 33. Rxe5 Qxe5 34. Rb1 d2 35. Rd1 Qe1+ 36. Qf1 Re8 37. g3 Qxd1 0-1

[Event "HUN-ch U8-U18 2019"]
[Site "Balatonlelle"]
[Date "2019.06.27"]
[Round "8.9"]
[White "Bakos, Balazs"]
[Black "Szilagyi, Norbert"]
[Result "0-1"]
[ECO "B32"]
[WhiteElo "2408"]
[BlackElo "2093"]
[Annotator "RC"]
[PlyCount "68"]
[EventDate "2019.06.21"]
[EventType "swiss"]
[EventCountry "HUN"]
[SourceTitle "playchess.com"]
[Source "ChessBase"]
[SourceQuality "1"]
[TimeControl "40/5400+30:1800+30"]

1. e4 c5 2. Nf3 Nc6 3. d4 cxd4 4. Nxd4 e5 5. Nb5 d6 6. N1c3 a6 7. Na3 b5 8. Nd5 Nce7 9. c4 Nxd5 10. Qxd5 Be6 11. Qd1 Nf6 12. f3 Be7 13. Be3 O-O 14. Be2 Rc8 15. Rc1 b4 16. Nc2 Bxc4 17. Bxc4 Rxc4 18. b3 Rc3 19. Bd2 Rc8 20. Bxb4 Qb6 21. Qd2 Nh5 22. g3 h6 23. Qf2 Qxb4+ 24. Nxb4 Rxc1+ 25. Kd2 Rxh1 26. Nd5 Bg5+ 27. f4 exf4 28. gxf4 Nxf4 29. Nxf4 Rc8 30. Ke3 Rc3+ 31. Kd4 Bf6+ 32. e5 Bxe5+ 33. Ke4 Rd1 34. Ne2 Rc2 {[%emt 0:00:33] Kd4} 0-1

[Event "HUN-ch U8-U18 2019"]
[Site "Balatonlelle"]
[Date "2019.06.26"]
[Round "8.9"]
[White "Pater, Peter"]
[Black "Farkas, Otto Jr."]
[Result "0-1"]
[ECO "D21"]
[WhiteElo "1901"]
[BlackElo "1859"]
[Annotator "NA RC"]
[PlyCount "54"]
[EventDate "2019.06.21"]
[EventType "swiss"]
[EventCountry "HUN"]
[SourceTitle "playchess.com"]
[Source "ChessBase"]
[SourceQuality "1"]
[TimeControl "40/5400+30:1800+30"]

1. d4 d5 2. c4 dxc4 3. Nf3 a6 4. a4 Nf6 5. g3 Nc6 6. Bg2 e6 7. O-O Be7 8. Nc3 O-O 9. e4 Bb4 10. Bg5 h6 11. Bh4 g5 12. Nxg5 hxg5 13. Bxg5 Be7 14. e5 Nh7 15. Bh6 Qxd4 16. Bxf8 Nxf8 17. Re1 Qxd1 18. Raxd1 Nd7 19. f4 Bc5+ 20. Kf1 Bb4 21. Re4 Bxc3 22. bxc3 Nb6 23. Ke2 Nxa4 24. Rxc4 Nb2 25. Bxc6 Nxc4 26. Rd8+ Kg7 27. Bd7 Nb6 0-1

[Event "HUN-ch U8-U18 2019"]
[Site "Balatonlelle"]
[Date "2019.06.27"]
[Round "8.10"]
[White "Magold, Victor"]
[Black "Fodor, Kornel"]
[Result "0-1"]
[ECO "E67"]
[WhiteElo "1968"]
[BlackElo "1926"]
[Annotator "NA RC"]
[PlyCount "120"]
[EventDate "2019.06.21"]
[EventType "swiss"]
[EventCountry "HUN"]
[SourceTitle "playchess.com"]
[Source "ChessBase"]
[SourceQuality "1"]
[TimeControl "40/5400+30:1800+30"]

1. d4 Nf6 2. c4 g6 3. Nf3 Bg7 4. g3 O-O 5. Bg2 d6 6. O-O Nbd7 7. Nc3 e5 8. h3 c6 9. e4 Qb6 10. d5 Nc5 11. Re1 cxd5 12. Nxd5 Nxd5 13. cxd5 f5 14. exf5 Bxf5 15. Be3 Qxb2 16. Bxc5 dxc5 17. Re2 Qb6 18. Nxe5 Bxe5 19. Rxe5 Qd6 20. Qe1 c4 21. Qe3 b5 22. Re1 b4 23. Re7 Rf7 24. Rxf7 Kxf7 25. Qd4 c3 26. Re6 Qd8 27. Qxb4 c2 28. Re1 Rb8 29. Qd2 Rb1 30. Kh2 Qb6 31. d6 Rxe1 32. Qxe1 Qxd6 33. Qc3 h5 34. h4 Qf6 35. Bd5+ Kg7 36. Qc7+ Kh6 37. Bg8 g5 38. hxg5+ Qxg5 39. Qc6+ Qg6 40. Qc4 Qg5 41. f4 Qd8 42. Bd5 c1=Q 43. Qxc1 Qxd5 44. Qb2 Kg6 45. Qe2 Qc6 46. Qe7 Qc2+ 47. Kg1 Qb1+ 48. Kf2 Qxa2+ 49. Kg1 Qb1+ 50. Kf2 Qa2+ 51. Kg1 Bg4 52. Qe4+ Kh6 53. Qc6+ Qe6 54. Qc1 Bf5 55. Qc3 Qb6+ 56. Kg2 Be4+ 57. Kf1 Qb1+ 58. Ke2 Qc2+ 59. Qxc2 Bxc2 60. Kd2 Bf5 0-1

[Event "HUN-ch U8-U18 2019"]
[Site "Balatonlelle"]
[Date "2019.06.26"]
[Round "8.10"]
[White "Csidey, Csongor"]
[Black "Pasztor, Balazs"]
[Result "0-1"]
[ECO "C47"]
[WhiteElo "1708"]
[BlackElo "2215"]
[Annotator "RC"]
[PlyCount "104"]
[EventDate "2019.06.21"]
[EventType "swiss"]
[EventCountry "HUN"]
[SourceTitle "playchess.com"]
[Source "ChessBase"]
[SourceQuality "1"]
[TimeControl "40/5400+30:1800+30"]

1. e4 e5 2. Nf3 Nc6 3. Nc3 Nf6 4. d4 exd4 5. Nxd4 Bb4 6. Nxc6 bxc6 7. Bd3 O-O 8. O-O d5 9. exd5 cxd5 10. Bg5 c6 11. Qf3 Bd6 12. Rfe1 Rb8 13. Rab1 h6 14. Bxf6 Qxf6 15. Qxf6 gxf6 16. Ne2 c5 17. c3 Be6 18. b3 Rfd8 19. Ng3 Be5 20. Rec1 c4 21. Bf1 a5 22. bxc4 dxc4 23. Rxb8 Rxb8 24. Rc2 Rb1 25. h3 a4 26. Ne4 a3 27. g4 f5 28. Nc5 fxg4 29. Nxe6 gxh3 30. f4 Bb8 31. Rf2 fxe6 32. Kh2 Rb2 33. Kg3 h2 34. Bg2 Rxf2 35. Kxf2 Bxf4 36. Bf3 Be5 37. Kg2 Bxc3 38. Be2 Kf7 39. Bxc4 Be5 40. Be2 Ke7 41. Bf3 Kd6 42. Be4 Kc5 43. Bf3 Bf4 44. Kf2 Kd4 45. Kg2 e5 46. Kf2 e4 47. Bg2 h5 48. Ke2 h4 49. Bh1 h3 50. Ke1 Kd3 51. Kf2 e3+ 52. Kf3 e2 0-1

[Event "HUN-ch U8-U18 2019"]
[Site "Balatonlelle"]
[Date "2019.06.26"]
[Round "8.11"]
[White "Pervai, Laszlo"]
[Black "Kozsik, Bende Barnabas"]
[Result "1-0"]
[ECO "B23"]
[WhiteElo "2033"]
[BlackElo "2089"]
[Annotator "NA RC"]
[PlyCount "77"]
[EventDate "2019.06.21"]
[EventType "swiss"]
[EventCountry "HUN"]
[SourceTitle "playchess.com"]
[Source "ChessBase"]
[SourceQuality "1"]
[TimeControl "40/5400+30:1800+30"]

1. e4 c5 2. Nc3 d6 3. f4 Nc6 4. Bb5 Bd7 5. Nf3 g6 6. O-O Bg7 7. Bxc6 Bxc6 8. d3 b5 9. f5 Nf6 10. Qe1 b4 11. Nd1 O-O 12. Qh4 e6 13. Bg5 exf5 14. exf5 d5 15. Ne5 Qd6 16. Bf4 Nh5 17. Nxg6 Nxf4 18. Nxf4 Qf6 19. Qg4 Kh8 20. Rf3 Qd4+ 21. Nf2 Rae8 22. Rh3 Qxb2 23. Rf1 Qf6 24. Qh5 h6 25. Ng4 Qd4+ 26. Kh1 Qxf4 27. Rhf3 Qg5 28. Qxg5 hxg5 29. f6 d4 30. Rf5 Re2 31. Rxg5 Bxf6 32. Nxf6 Rd8 33. h3 Rxg2 34. Rxg2 Bxg2+ 35. Kxg2 Rd6 36. Ne4 Ra6 37. Rxf7 Rxa2 38. Nf6 Rxc2+ 39. Kg3 1-0

[Event "HUN-ch U8-U18 2019"]
[Site "Balatonlelle"]
[Date "2019.06.27"]
[Round "8.12"]
[White "Lakatos, Tamas"]
[Black "Kratzmajer, Akos Gyorgy"]
[Result "0-1"]
[ECO "C68"]
[WhiteElo "1833"]
[BlackElo "2048"]
[Annotator "NA RC"]
[PlyCount "88"]
[EventDate "2019.06.21"]
[EventType "swiss"]
[EventCountry "HUN"]
[SourceTitle "playchess.com"]
[Source "ChessBase"]
[SourceQuality "1"]
[TimeControl "40/5400+30:1800+30"]

1. e4 e5 2. Nf3 Nc6 3. Bb5 a6 4. Bxc6 dxc6 5. Nc3 f6 6. d4 exd4 7. Qxd4 Qxd4 8. Nxd4 Bd7 9. Bd2 O-O-O 10. O-O-O Ne7 11. Nde2 Ng6 12. Bf4 Nxf4 13. Nxf4 Bd6 14. Nfe2 Rhe8 15. h3 b5 16. f3 b4 17. Na4 f5 18. Nb6+ Kb7 19. Nc4 fxe4 20. fxe4 Rxe4 21. Rxd6 Rxc4 22. Rd2 Re8 23. Nd4 Kb6 24. Rf1 Rc5 25. Nb3 Rf5 26. Rfd1 Bc8 27. Nd4 Rd5 28. Nf3 Rxd2 29. Rxd2 c5 30. Kd1 Re7 31. Rd8 Rd7+ 32. Rxd7 Bxd7 33. c3 Be6 34. a3 Bd5 35. Ne1 Be4 36. axb4 cxb4 37. Kd2 bxc3+ 38. Kxc3 Kc5 39. g3 a5 40. b3 c6 41. g4 g5 42. Kb2 Kd4 43. Ka3 Kc3 44. Ka4 Kd2 0-1

[Event "HUN-ch U8-U18 2019"]
[Site "Balatonlelle"]
[Date "2019.06.26"]
[Round "8.13"]
[White "Gyurika, Tamas"]
[Black "Bilku, Andras"]
[Result "0-1"]
[ECO "B13"]
[WhiteElo "1643"]
[BlackElo "1907"]
[Annotator "NA RC"]
[PlyCount "84"]
[EventDate "2019.06.21"]
[EventType "swiss"]
[EventCountry "HUN"]
[SourceTitle "playchess.com"]
[Source "ChessBase"]
[SourceQuality "1"]
[TimeControl "40/5400+30:1800+30"]

1. e4 c6 2. d4 d5 3. exd5 cxd5 4. Bd3 Nc6 5. c3 Nf6 6. Bf4 Bg4 7. f3 Bh5 8. Ne2 Bg6 9. O-O e6 10. Re1 Be7 11. Bg3 Bxd3 12. Qxd3 O-O 13. Nd2 Rc8 14. f4 g6 15. h3 Bd6 16. Bh4 Be7 17. Bf2 a6 18. Rf1 Na5 19. b3 Qc7 20. Rae1 Qc6 21. Be3 b5 22. Rc1 Ba3 23. Rc2 Nc4 24. Nxc4 bxc4 25. Qd1 Bd6 26. Ng3 Qb5 27. b4 Qa4 28. Rb2 Qxd1 29. Rxd1 Rb8 30. a4 Rb7 31. Rdb1 Rfb8 32. Kf2 h5 33. h4 Be7 34. Kf3 Ng4 35. Rh1 Bd6 36. Bd2 f6 37. Re1 e5 38. Ne2 e4+ 39. Kg3 Kf7 40. Ng1 Re7 41. Be3 g5 42. Nh3 Rg8 0-1

[Event "HUN-ch U8-U18 2019"]
[Site "Balatonlelle"]
[Date "2019.06.27"]
[Round "8.14"]
[White "Udvardi, Zalan"]
[Black "Papp, Levente"]
[Result "0-1"]
[ECO "C15"]
[WhiteElo "2211"]
[BlackElo "2350"]
[Annotator "RC"]
[PlyCount "82"]
[EventDate "2019.06.21"]
[EventType "swiss"]
[EventCountry "HUN"]
[SourceTitle "playchess.com"]
[Source "ChessBase"]
[SourceQuality "1"]
[TimeControl "40/5400+30:1800+30"]

1. e4 e6 2. d4 d5 3. Nc3 Bb4 4. Nge2 Nc6 5. a3 Ba5 6. b4 Bb6 7. Na4 Qh4 8. Be3 Nf6 9. e5 Ng4 10. g3 Nxe3 11. gxh4 Nxd1 12. Rxd1 Bd7 13. f4 Nxb4 14. Nxb6 Nxc2+ 15. Kd2 axb6 16. Kxc2 Ba4+ 17. Kc1 Bxd1 18. Kxd1 Rxa3 19. Kd2 b5 20. Nc1 b4 21. Nd3 Ra2+ 22. Ke3 Ke7 23. Be2 Rha8 24. Nxb4 R8a3+ 25. Nd3 Rc3 26. Rb1 b6 27. h3 c5 28. dxc5 bxc5 29. Rb7+ Ke8 30. Bf1 Rca3 31. Rb8+ Kd7 32. Rb7+ Kc6 33. Rxf7 c4 34. Re7 cxd3 35. Rxe6+ Kc5 36. Bxd3 Rh2 37. f5 Rxh3+ 38. Kf4 Raxd3 39. Re8 Rdf3+ 40. Kg4 Rhg3+ 41. Kh5 Rxf5# 0-1

[Event "HUN-ch U8-U18 2019"]
[Site "Balatonlelle"]
[Date "2019.06.26"]
[Round "8.14"]
[White "Kresz, Tamas"]
[Black "Kovacs, Patrik Zsolt"]
[Result "1/2-1/2"]
[ECO "B13"]
[WhiteElo "1766"]
[BlackElo "1903"]
[Annotator "NA RC"]
[PlyCount "52"]
[EventDate "2019.06.21"]
[EventType "swiss"]
[EventCountry "HUN"]
[SourceTitle "playchess.com"]
[Source "ChessBase"]
[SourceQuality "1"]
[TimeControl "40/5400+30:1800+30"]

1. e4 c6 2. d4 d5 3. exd5 cxd5 4. c4 Nf6 5. Nc3 Nc6 6. Bf4 Bg4 7. Be2 Bxe2 8. Ngxe2 e6 9. c5 Be7 10. Qa4 a5 11. O-O O-O 12. h3 Nd7 13. Qb5 Qc8 14. Rfe1 e5 15. Nxd5 Re8 16. Nxe7+ Rxe7 17. dxe5 Ndxe5 18. Bxe5 Nxe5 19. Nc3 Qe8 20. Qxe8+ Raxe8 21. Kf1 f6 22. Nd5 Rd7 23. Nb6 Rd4 24. Re2 Red8 25. g3 Rd2 26. Rae1 Kf8 1/2-1/2

[Event "HUN-ch U8-U18 2019"]
[Site "Balatonlelle"]
[Date "2019.06.26"]
[Round "8.15"]
[White "Barsi, Botond"]
[Black "Petervari, Szabolcs"]
[Result "1-0"]
[ECO "D02"]
[WhiteElo "1850"]
[BlackElo "1816"]
[Annotator "NA RC"]
[PlyCount "89"]
[EventDate "2019.06.21"]
[EventType "swiss"]
[EventCountry "HUN"]
[SourceTitle "playchess.com"]
[Source "ChessBase"]
[SourceQuality "1"]
[TimeControl "40/5400+30:1800+30"]

1. d4 Nf6 2. Nf3 d5 3. Bf4 c5 4. c3 Nc6 5. e3 Qb6 6. Qc2 cxd4 7. exd4 Bf5 8. Qb3 Nd7 9. Qxd5 Qxb2 10. Qxf5 e6 11. Qb5 Qxa1 12. Qxb7 Rd8 13. Qb3 Na5 14. Qc2 e5 15. Nxe5 Rb8 16. Bd3 Bd6 17. Nxd7 Rb2 18. Qa4 Bxf4 19. Nf6+ Ke7 20. Nd5+ Kd6 21. Nxf4 Qxa2 22. Qxa2 Rxa2 23. O-O Rb8 24. Bxh7 g6 25. Nxg6 fxg6 26. Bxg6 Nc6 27. f4 Rg8 28. Be4 Re2 29. Bf3 Rb2 30. Na3 Na5 31. f5 Rb3 32. Nb1 Nc4 33. Re1 Rxb1 34. Rxb1 Nd2 35. Rf1 Nxf1 36. Kxf1 a5 37. Bd1 Rg5 38. g4 Kd5 39. h4 Rg7 40. f6 Rc7 41. Bb3+ Ke4 42. f7 Rc8 43. Be6 Rb8 44. g5 Kf3 45. Bd5+ 1-0

[Event "HUN-ch U8-U18 2019"]
[Site "Balatonlelle"]
[Date "2019.06.27"]
[Round "8.17"]
[White "Kovacs, Gabor Etele"]
[Black "Kaloczi, Kristof"]
[Result "1-0"]
[ECO "C04"]
[WhiteElo "2062"]
[BlackElo "2098"]
[Annotator "NA RC"]
[PlyCount "63"]
[EventDate "2019.06.21"]
[EventType "swiss"]
[EventCountry "HUN"]
[SourceTitle "playchess.com"]
[Source "ChessBase"]
[SourceQuality "1"]
[TimeControl "40/5400+30:1800+30"]

1. e4 e6 2. d4 d5 3. Nd2 Nc6 4. Ngf3 Nf6 5. e5 Nd7 6. Nb3 a5 7. a4 b6 8. c3 f6 9. exf6 Qxf6 10. Bg5 Qf7 11. Bd3 Bd6 12. Bh4 Bf4 13. Qe2 O-O 14. Ng5 Bxg5 15. Bxg5 e5 16. O-O e4 17. Bb5 Ncb8 18. Qd2 c6 19. Be2 Nf6 20. f3 Bf5 21. Bxf6 gxf6 22. Qf4 Bg6 23. fxe4 Bxe4 24. Nd2 Bg6 25. Rae1 Ra7 26. Bg4 f5 27. Qe5 Qg7 28. Qe6+ Kh8 29. Bxf5 Rf6 30. Qe5 Rf8 31. Bxg6 Rg8 32. Rf7 1-0

[Event "HUN-ch U8-U18 2019"]
[Site "Balatonlelle"]
[Date "2019.06.26"]
[Round "8.17"]
[White "Szikszai, Bertalan"]
[Black "Tran, David"]
[Result "0-1"]
[ECO "C54"]
[WhiteElo "1896"]
[BlackElo "2078"]
[Annotator "NA RC"]
[PlyCount "70"]
[EventDate "2019.06.21"]
[EventType "swiss"]
[EventCountry "HUN"]
[SourceTitle "playchess.com"]
[Source "ChessBase"]
[SourceQuality "1"]
[TimeControl "40/5400+30:1800+30"]

1. e4 e5 2. Nf3 Nc6 3. Bc4 Bc5 4. c3 Nf6 5. d4 exd4 6. cxd4 Bb4+ 7. Bd2 Nxe4 8. Bxb4 Nxb4 9. Bxf7+ Kxf7 10. Qb3+ Kf8 11. Qxb4+ Qe7 12. Qxe7+ Kxe7 13. Nc3 Nxc3 14. bxc3 d6 15. Nd2 Be6 16. Nf1 Rae8 17. Kd2 Rhf8 18. f3 Kd7 19. Ne3 Re7 20. Rhe1 Rfe8 21. a3 a5 22. f4 Rf8 23. Rf1 Ref7 24. g3 h6 25. h4 h5 26. Rab1 b6 27. Rb5 g6 28. c4 Bf5 29. Rc1 Kc6 30. Rb3 Re8 31. Rbc3 Rfe7 32. Rb3 a4 33. Rbc3 Re4 34. Nc2 Re2+ 35. Kd1 Bg4 0-1

[Event "HUN-ch U8-U18 2019"]
[Site "Balatonlelle"]
[Date "2019.06.26"]
[Round "8.18"]
[White "Palczert, Matyas"]
[Black "Magold, Filip"]
[Result "1-0"]
[ECO "B90"]
[WhiteElo "2007"]
[BlackElo "1906"]
[Annotator "NA RC"]
[PlyCount "57"]
[EventDate "2019.06.21"]
[EventType "swiss"]
[EventCountry "HUN"]
[SourceTitle "playchess.com"]
[Source "ChessBase"]
[SourceQuality "1"]
[TimeControl "40/5400+30:1800+30"]

1. e4 c5 2. Nf3 d6 3. d4 cxd4 4. Nxd4 Nf6 5. Nc3 a6 6. Nb3 Nbd7 7. g4 h6 8. Bg2 Ne5 9. h3 Rb8 10. f4 Ng6 11. e5 Nd7 12. e6 fxe6 13. O-O Nf6 14. Qe1 Qc7 15. g5 hxg5 16. fxg5 Nh5 17. Qf2 Ne5 18. Be3 g6 19. Rad1 Bg7 20. Bb6 Qc4 21. Rd4 Rf8 22. Rxc4 Nxc4 23. Qe1 Nxb6 24. Rxf8+ Bxf8 25. Be4 Nf4 26. Qe3 Nbd5 27. Bxd5 Nxd5 28. Nxd5 exd5 29. Qa7 1-0

[Event "HUN-ch U8-U18 2019"]
[Site "Balatonlelle"]
[Date "2019.06.27"]
[Round "8.20"]
[White "Hatala, Csaba Laszlo"]
[Black "Pesti, Mate"]
[Result "0-1"]
[ECO "B35"]
[WhiteElo "1958"]
[BlackElo "1925"]
[Annotator "NA RC"]
[PlyCount "72"]
[EventDate "2019.06.21"]
[EventType "swiss"]
[EventCountry "HUN"]
[SourceTitle "playchess.com"]
[Source "ChessBase"]
[SourceQuality "1"]
[TimeControl "40/5400+30:1800+30"]

1. e4 c5 2. Nf3 Nc6 3. d4 cxd4 4. Nxd4 g6 5. Nc3 Bg7 6. Be3 Nf6 7. Bc4 Qa5 8. O-O O-O 9. Bb3 d6 10. h3 Bd7 11. f4 Rac8 12. Nf3 a6 13. e5 dxe5 14. fxe5 Nxe5 15. Nxe5 Qxe5 16. Bd4 Qc7 17. Qe1 Ng4 18. hxg4 Bxd4+ 19. Kh1 Bxc3 20. Qxe7 Bxg4 21. Qxc7 Rxc7 22. bxc3 Rxc3 23. Rf4 Be6 24. Rb4 Bxb3 25. axb3 Rc7 26. c4 Re8 27. Rd1 Re2 28. Rb6 Kg7 29. Rdd6 Rb2 30. Rd3 Rxc4 31. Rxb7 Rf4 32. Rdd7 Rff2 33. Rdc7 h5 34. Rd7 h4 35. Rdc7 h3 36. Kh2 hxg2 0-1

[Event "HUN-ch U8-U18 2019"]
[Site "Balatonlelle"]
[Date "2019.06.26"]
[Round "8.20"]
[White "Szegedy, Matyas"]
[Black "Turcsanyi, Vince Gergo"]
[Result "0-1"]
[ECO "C47"]
[WhiteElo "1806"]
[BlackElo "1816"]
[Annotator "NA RC"]
[PlyCount "90"]
[EventDate "2019.06.21"]
[EventType "swiss"]
[EventCountry "HUN"]
[SourceTitle "playchess.com"]
[Source "ChessBase"]
[SourceQuality "1"]
[TimeControl "40/5400+30:1800+30"]

1. e4 e5 2. Nc3 Nf6 3. Nf3 Nc6 4. a3 g6 5. Nxe5 Nxe5 6. d4 Nc6 7. d5 Bg7 8. dxc6 bxc6 9. Bc4 O-O 10. O-O Re8 11. Qf3 d6 12. h3 Qe7 13. Bg5 h6 14. Bxf6 Bxf6 15. e5 Bxe5 16. Qxc6 Be6 17. Bxe6 fxe6 18. f4 Bd4+ 19. Kh1 Rab8 20. Nb5 Rb6 21. Qc4 Bxb2 22. Rae1 d5 23. Qd3 Bg7 24. Nd4 c5 25. Nf3 Kh7 26. Ne5 Bxe5 27. fxe5 Rf8 28. Rxf8 Qxf8 29. Rf1 Qg7 30. Rf6 c4 31. Qf3 Kg8 32. Qg4 g5 33. Rxe6 Rxe6 34. Qxe6+ Qf7 35. Qg4 Qf1+ 36. Kh2 Qf4+ 37. Qxf4 gxf4 38. g3 d4 39. gxf4 d3 40. cxd3 cxd3 41. Kg3 d2 42. f5 d1=Q 43. Kf4 Qd4+ 44. Kf3 Qxe5 45. Kg4 Qe4+ 0-1

[Event "HUN-ch U8-U18 2019"]
[Site "Balatonlelle"]
[Date "2019.06.27"]
[Round "8.21"]
[White "Erseki, Tamara"]
[Black "Kovacs, Judit"]
[Result "1/2-1/2"]
[ECO "B43"]
[WhiteElo "1999"]
[BlackElo "2025"]
[Annotator "NA RC"]
[PlyCount "33"]
[EventDate "2019.06.21"]
[EventType "swiss"]
[EventCountry "HUN"]
[SourceTitle "playchess.com"]
[Source "ChessBase"]
[SourceQuality "1"]
[TimeControl "40/5400+30:1800+30"]

1. e4 c5 2. Nf3 e6 3. d4 cxd4 4. Nxd4 a6 5. Nc3 Qc7 6. Bd3 Nf6 7. O-O Bc5 8. Nb3 Be7 9. Qe2 d6 10. Kh1 Nbd7 11. f4 b5 12. a3 Bb7 13. Bd2 O-O 14. Rae1 e5 15. fxe5 dxe5 16. Qf3 Rac8 17. Ne2 1/2-1/2

[Event "HUN-ch U8-U18 2019"]
[Site "Balatonlelle"]
[Date "2019.06.26"]
[Round "8.21"]
[White "Kolimar, Kristof Pal"]
[Black "Herczeg, Marcell"]
[Result "1-0"]
[ECO "A14"]
[WhiteElo "1979"]
[BlackElo "1783"]
[Annotator "NA RC"]
[PlyCount "93"]
[EventDate "2019.06.21"]
[EventType "swiss"]
[EventCountry "HUN"]
[SourceTitle "playchess.com"]
[Source "ChessBase"]
[SourceQuality "1"]
[TimeControl "40/5400+30:1800+30"]

1. Nf3 d5 2. c4 e6 3. g3 Nf6 4. Bg2 Be7 5. O-O O-O 6. d4 dxc4 7. Qc2 a6 8. a4 Bd7 9. Qxc4 Bc6 10. Bg5 Nbd7 11. Nc3 h6 12. Bf4 Nb6 13. Qd3 Nbd5 14. Be5 Qd7 15. Bxf6 Bxf6 16. Ne4 Qe7 17. Nxf6+ Nxf6 18. Ne5 Bxg2 19. Kxg2 Rfd8 20. Rac1 Rac8 21. Qb3 c6 22. Rfd1 Rc7 23. Qb6 Rdc8 24. Qc5 Qd8 25. Nc4 Qd5+ 26. f3 Nd7 27. Qa3 Rd8 28. e4 Qg5 29. h4 Qg6 30. a5 Nf6 31. Ne5 Qh7 32. Qc5 Ne8 33. h5 Nf6 34. g4 Kh8 35. Qb6 Rdc8 36. d5 Nd7 37. Nxd7 Rxd7 38. dxc6 Rxd1 39. Rxd1 bxc6 40. Qxa6 Qg8 41. b4 Qe8 42. Qb6 Qe7 43. a6 Rc7 44. Qb8+ Kh7 45. Rd8 g6 46. Rh8+ Kg7 47. e5 1-0

[Event "HUN-ch U8-U18 2019"]
[Site "Balatonlelle"]
[Date "2019.06.27"]
[Round "8.22"]
[White "Karacsonyi, Kata"]
[Black "Buri, Petra Zsuzsanna"]
[Result "1-0"]
[ECO "B11"]
[WhiteElo "1798"]
[BlackElo "1634"]
[Annotator "NA RC"]
[PlyCount "49"]
[EventDate "2019.06.21"]
[EventType "swiss"]
[EventCountry "HUN"]
[SourceTitle "playchess.com"]
[Source "ChessBase"]
[SourceQuality "1"]
[TimeControl "40/5400+30:1800+30"]

1. e4 c6 2. Nc3 d5 3. Nf3 Bg4 4. h3 Bxf3 5. Qxf3 Nf6 6. e5 Nfd7 7. d4 e6 8. Ne2 c5 9. c3 Nc6 10. Qe3 Rc8 11. a3 Na5 12. f4 Qb6 13. Rb1 Qb3 14. Qd3 Nc4 15. Qd1 Qa2 16. Bd2 cxd4 17. Nxd4 Nxd2 18. Kxd2 Bc5 19. Kc2 Bxd4 20. Qxd4 Nc5 21. Qb4 a5 22. Qb5+ Kf8 23. Qxa5 d4 24. Qb4 dxc3 25. Bc4 1-0

[Event "HUN-ch U8-U18 2019"]
[Site "Balatonlelle"]
[Date "2019.06.26"]
[Round "8.22"]
[White "Toth, Gergely"]
[Black "Bodrogi, Bendeguz"]
[Result "0-1"]
[ECO "B32"]
[WhiteElo "1485"]
[BlackElo "1925"]
[Annotator "NA RC"]
[PlyCount "84"]
[EventDate "2019.06.21"]
[EventType "swiss"]
[EventCountry "HUN"]
[SourceTitle "playchess.com"]
[Source "ChessBase"]
[SourceQuality "1"]
[TimeControl "40/5400+30:1800+30"]

1. e4 c5 2. Nf3 Nc6 3. d4 cxd4 4. Nxd4 e5 5. Nb5 d6 6. N1c3 a6 7. Na3 Be7 8. Be3 Nf6 9. f3 Be6 10. Bc4 b5 11. Bd5 Rc8 12. Bxc6+ Rxc6 13. Nd5 Bxd5 14. exd5 Rc8 15. c3 O-O 16. O-O Nd7 17. Nc2 f5 18. Nb4 Bg5 19. Qe2 Bxe3+ 20. Qxe3 Nc5 21. Nc6 Qf6 22. Rad1 f4 23. Qe2 Rce8 24. b4 Na4 25. Qc2 Nb6 26. Na5 Rc8 27. Qd2 Rf7 28. Rc1 Rfc7 29. Rfe1 Qf7 30. Red1 g5 31. g4 Nc4 32. Nxc4 Rxc4 33. Qc2 Kg7 34. Qd3 Qg6 35. Kf2 Qxd3 36. Rxd3 Rxb4 37. cxb4 Rxc1 38. a3 Rc2+ 39. Kg1 Kf6 40. h3 e4 41. fxe4 Ke5 42. Kh1 Kxe4 0-1